 Dungeon Crawl Stone Soup version 0.32-a0-921-g04a7ad8e02 (webtiles) character file.

Game seed: 14491604476777434076

3446 Revguard the Shield-Bearer (level 9, 0/103 HPs)
             Began as a Demonspawn Fighter on Apr 12, 2024.
             Succumbed to a killer bee's poison
             ... on level 7 of the Dungeon.
             The game lasted 00:16:08 (6872 turns).

Revguard the Shield-Bearer (Demonspawn Fighter)     Turns: 6872, Time: 00:16:09

Health: 0/103      AC: 24    Str: 17    XL:     9   Next: 77%
Magic:  13/13      EV:  2    Int: 13    God:
Gold:   103        SH: 11    Dex: 18    Spells: 8/8 levels left

rFire   . . .        a - +0 war axe
rCold   . . .        f - +1 kite shield {reflect}
rNeg    + . .        c - melded +4 ring mail {Will+}
rPois   +            (helmet currently unavailable)
rElec   .            (cloak currently unavailable)
rCorr   .            y - melded +0 pair of gloves
SInv    +            (boots currently unavailable)
Will    .....        (no amulet)
Stlth   ++           w - ring of positive energy
HPRegen 0.37/turn    D - +6 ring of dexterity
MPRegen 0.13/turn

%: reflection
@: brilliant, lethally poisoned (0 -> -2), tree-form, attractive, hasted, very
quick
A: stationary, stasis, torment immunity, boosted hp, (antennae 1), (slimy green
scales 2), powered by pain 1, see invisible, clever 1, weak 1, inability to
drink after injury 1
a: no special abilities


You were on level 7 of the Dungeon.
You were a tree.
You visited 1 branch of the dungeon, and saw 7 of its levels.

You collected 395 gold pieces.
You spent 292 gold pieces at shops.

Inventory:

Hand Weapons
 a - a +0 war axe (weapon)
Missiles
 b - a throwing net (quivered)
Armour
 c - a +4 ring mail of willpower (melded)
 f - a +1 kite shield of reflection (worn)
 y - a +0 pair of gloves (melded)
Jewellery
 w - a ring of positive energy (left branch)
 D - a +6 ring of dexterity (right branch)
Wands
 e - a wand of flame (23)
Scrolls
 d - a scroll of silence {unknown}
 i - a scroll of fog {unknown}
 k - 2 scrolls of noise {unknown}
 l - 2 scrolls of amnesia {unknown}
 p - 2 scrolls of vulnerability {unknown}
 q - 2 scrolls of blinking {unknown}
 s - a scroll of immolation {unknown}
 v - 3 scrolls of poison {unknown}
 x - 2 scrolls of teleportation {unknown}
 B - 2 scrolls of brand weapon {unknown}
 E - 2 scrolls of enchant weapon {unknown}
Potions
 g - 2 potions of cancellation
 h - 2 potions of enlightenment
 m - a potion of magic
 t - 3 potions of brilliance
 u - a potion of lignification


   Skills:
 + Level 5.7 Fighting
 * Level 6.2 Axes
 + Level 5.0 Armour
 + Level 4.1 Dodging
 * Level 6.5 Shields
 + Level 5.7 Invocations
 + Level 4.3 Evocations


You had 8 spell levels left.
You didn't know any spells.
Your spell library contained the following spells:

 Spells                   Type           Power      Damage    Failure   Level
 Sandblast                Erth           0%         2d4       58%         1
 Blink                    Tloc           0%         N/A       75%         2
 Cigotuvi's Dreadful Rot  Necr/Alch/Air  0%         N/A       75%         2
 Lesser Beckoning         Tloc           0%         N/A       75%         2
 Momentum Strike          Conj/Tloc      0%         3d8       75%         2
 Inner Flame              Hex/Fire       0%         N/A       92%         3
 Maxwell's Portable Pile  Tloc           0%         2d(5-13)  92%         3
 Stone Arrow              Conj/Erth      0%         3d7       92%         3
 Brom's Barrelling Bould  Conj/Erth      0%         2d3       100%        4
 Ignite Poison            Fire/Alch      0%         N/A       100%        4
 Arcjolt                  Conj/Air       0%         1d10      100%        5
 Freezing Cloud           Conj/Ice/Air   0%         6-21      100%        5
 Irradiate                Conj/Alch      0%         3d11      100%        5
 Ignition                 Fire           0%         3d3       100%        8
 Maxwell's Capacitive Co  Air            0%         ∞         100%        8


Dungeon Overview and Level Annotations

Branches:
Dungeon (7/15)
 Temple: D:4-7

Altars:
Cheibriados

Shops:
D:1 *[!*   D:4 =


Innate Abilities, Weirdness & Mutations

You are a tree.
Your roots penetrate the ground, keeping you stationary.
You cannot be teleported.
You are immune to unholy pain and torment.
Your maximum health is greatly increased.
Your equipment is partially melded.
((You have a pair of small antennae on your head.))
((You are mostly covered in slimy green scales. (AC +3)))
You sometimes gain a little power by taking damage.
You have supernaturally acute eyesight. (SInv)
Your mind is acute. (Int +4, Str/Dex -1)
You are weak. (Str -2)
You occasionally lose the ability to drink potions when taking damage.


Message History

You feel sick. The killer bee stings you.
* * * LOW HITPOINT WARNING * * *
You are more poisoned.
The killer bee poisons you!
You see here a killer bee corpse.
You hit the killer bee but do no damage.
The killer bee is moderately wounded.
You feel very sick. You block the killer bee's attack.
The killer bee misses you. You block the killer bee's attack.
It was a potion of brilliance.
You feel clever all of a sudden.
You feel sick. The killer bee barely misses you.
The killer bee stings you but does no damage.
It was a potion of lignification.
You turn into a tree.
Your +0 pair of gloves melds into your body.
Your +4 ring mail of willpower melds into your body.
You feel less strong-willed.
Your roots penetrate the ground.
You feel sick. The killer bee stings you.
* * * LOW HITPOINT WARNING * * *
The killer bee barely misses you.
It was a potion of attraction.
You feel attractive to monsters.
You feel sick. You block the killer bee's attack.
The killer bee stings you but does no damage.
It was a potion of haste.
You feel yourself speed up.
You feel sick. You block the killer bee's attack.
The killer bee stings you but does no damage.
You slash the killer bee!
The killer bee is almost dead.
The killer bee stings you but does no damage.
The killer bee stings you.
* * * LOW HITPOINT WARNING * * *
You hit the killer bee.
You kill the killer bee!
* * * LOW HITPOINT WARNING * * *
You feel sick.
The killer bee stings you but does no damage.
You hit the killer bee but do no damage.
You die...

#.. ⌠ .#.### .. ....
#. ...# ## #.⌠ #..#
. #. ##...
#..#.#####.
.....y###..#.......#
###
.....yyy♣.........>.
..#
......####.##.#....#
#.# ..... #†#
#..###.# .... #.#
#....#.# ... #.#
#..<)#.# ..
#.######...##.## .
#.....##..).)..#
#####.##..###..#
#.##.......#


You could see 4 killer bees.

Vanquished Creatures
  Pikel (D:5)
  Sigmund (D:5)
  A wraith (D:6)
  A steam dragon (D:6)
  Edmund (D:5)
  A water moccasin (D:6)
  An orc warrior (D:6)
  2 ice beasts (D:6)
  A black bear (D:6)
  A centaur (D:5)
  3 lemures (D:5)
  A phantom (D:3)
  2 scorpions (D:5)
  4 bullfrogs
  9 wights
  2 killer bees (D:7)
  2 bombardier beetles
  3 hounds
  3 orc priests
  A gnoll bouda (D:7)
  5 iguanas
  2 orc wizards
  19 gnolls
  13 adders
  4 ufetubi
  5 ribbon worms
  2 dart slugs (D:4)
  16 orcs
  6 endoplasms
  5 giant cockroaches
  11 goblins
  10 hobgoblins
  4 jackals (D:5)
  3 quokkas
  12 ball pythons
  5 bats
  6 frilled lizards
  7 kobolds
  10 rats
186 creatures vanquished.

Notes
Turn   | Place    | Note
-------+----------+-------------------------------------------
     0 | D:1      | Revguard the Demonspawn Fighter began the quest for the
                  | Orb.
     0 | D:1      | Reached XP level 1. HP: 18/18 MP: 1/1
     7 | D:1      | Found Tarch's General Store.
   205 | D:1      | Gained mutation: You are partially covered in slimy green
                  | scales. (AC +2) [demonic ancestry]
   205 | D:1      | Reached XP level 2. HP: 22/24 MP: 2/2
   395 | D:1      | Found Empus's Antique Armour Emporium.
   580 | D:1      | Found Ykaineirr's Assorted Antiques.
   588 | D:1      | Bought a scroll labelled FOIROB ROYNIGIT for 19 gold pieces
   588 | D:1      | Bought a green potion for 17 gold pieces
   588 | D:1      | Bought a scroll labelled FOIROB ROYNIGIT for 19 gold pieces
   625 | D:1      | Found Qopleake's Distillery.
   703 | D:1      | Reached XP level 3. HP: 29/29 MP: 3/3
   950 | D:2      | Reached skill level 1 in Invocations
  1294 | D:2      | Reached skill level 1 in Dodging
  1294 | D:2      | Gained mutation: You have a pair of small antennae on your
                  | head. [demonic ancestry]
  1294 | D:2      | Reached XP level 4. HP: 35/35 MP: 4/4
  1420 | D:3      | Found a faded altar of an unknown god.
  1491 | D:3      | Reached skill level 1 in Evocations
  1809 | D:3      | Gained mutation: You are mostly covered in slimy green
                  | scales. (AC +3) [demonic ancestry]
  1809 | D:3      | Reached XP level 5. HP: 41/41 MP: 6/6
  2336 | D:4      | Noticed a phantom
  2382 | D:3      | Killed a phantom
  2383 | D:3      | Gained mutation: You sometimes gain a little power by
                  | taking damage. [demonic ancestry]
  2383 | D:3      | Reached XP level 6. HP: 24/47 MP: 7/7
  2753 | D:4      | Found Rimp's Jewellery Emporium.
  3151 | D:4      | HP: 3/72 [gnoll/+0 halberd (7)]
  3153 | D:4      | HP: 1/72 [frozen (3)]
  3400 | D:4      | Found a snail-covered altar of Cheibriados.
  3403 | D:4      | Identified the +10 quarterstaff "Seun" {freeze, rCorr Str+5
                  | Int-5}
  3625 | D:1      | Bought a potion of heal wounds for 50 gold pieces
  3715 | D:5      | Entered Level 5 of the Dungeon
  3727 | D:5      | Noticed Pikel
  3751 | D:5      | Killed Pikel
  3752 | D:5      | Reached XP level 7. HP: 33/54 MP: 9/9
  3944 | D:5      | Reached XP level 8. HP: 46/60 MP: 10/10
  4057 | D:1      | Bought a runed kite shield for 187 gold pieces
  4222 | D:5      | Reached skill level 5 in Shields
  4760 | D:5      | Reached skill level 5 in Axes
  5042 | D:5      | Noticed Edmund
  5059 | D:5      | HP: 3/61 [Edmund/+2 heavy flail (9)]
  5065 | D:5      | Killed Edmund
  5245 | D:5      | Noticed Sigmund
  5271 | D:5      | Killed Sigmund
  5446 | D:6      | Reached skill level 5 in Fighting
  5453 | D:6      | Reached XP level 9. HP: 61/68 MP: 12/12
  5747 | D:6      | Reached skill level 5 in Invocations
  6359 | D:6      | Gained mutation: You are agile. (Dex +4, Str/Int -1)
                  | [potion of mutation]
  6359 | D:6      | Gained mutation: Your spells are a little harder to cast,
                  | but a little more powerful. [potion of mutation]
  6359 | D:6      | Gained mutation: You are frail. (-10% HP) [potion of
                  | mutation]
  6359 | D:6      | Gained mutation: Your spells are harder to cast, but more
                  | powerful. [potion of mutation]
  6360 | D:6      | Lost mutation: You are agile. (Dex +4, Str/Int -1) [potion
                  | of mutation]
  6360 | D:6      | Lost mutation: Your spells are harder to cast, but more
                  | powerful. [potion of mutation]
  6360 | D:6      | Gained mutation: You occasionally lose the ability to drink
                  | potions when taking damage. [potion of mutation]
  6577 | D:7      | Lost mutation: Your spells are a little harder to cast, but
                  | a little more powerful. [potion of mutation]
  6577 | D:7      | Lost mutation: You are frail. (-10% HP) [potion of
                  | mutation]
  6577 | D:7      | Gained mutation: Your mind is acute. (Int +4, Str/Dex -1)
                  | [potion of mutation]
  6577 | D:7      | Gained mutation: You have supernaturally acute eyesight.
                  | (SInv) [potion of mutation]
  6577 | D:7      | Gained mutation: You are weak. (Str -2) [potion of
                  | mutation]
  6846 | D:7      | Reached skill level 5 in Armour
  6868 | D:7      | HP: 5/103 [poisoned by a killer bee]
  6870 | D:7      | HP: 1/103 [killer bee (4)]
  6872 | D:7      | Succumbed to a killer bee's poison

Illustrated notes

Levels and vault maps discovered:
D:1:      wander_arrival_peaceful_grave, layout_basic, serial_shops,
          nicolae_lakefront_shop, shop, shop, shop
D:2:      layout_rooms, st_stairs_5
D:3:      minmay_general_purpose_star, layout_basic,
          nicolae_ecumenical_pavilion, minmay_joined_circles
D:4:      layout_basic, kennysheep_slug_shrine, serial_shops,
          nicolae_shop_crystal
D:5:      layout_gridville, sigmund_edmund_badplayer, uniq_pikel
D:6:      layout_loops_cross
D:7:      layout_basic, mainiacjoe_overflow_cross_hatched,
          minmay_temple_entry_junction, minmay_microvault, uniq_maggie,
          uniq_duvessa

Skill      XL: |  1  2  3  4  5  6  7  8  9 |
---------------+----------------------------+-----
Axes           | 2 3 4 5 6 |  6.2
Invocations    | 1 2 3 4 5 |  5.7
Shields        | 3 4 5 6 |  6.5
Dodging        | 1 2 3 4 |  4.1
Evocations     | 1 2 3 4 |  4.3
Armour         | 3 4 5 |  5.0
Fighting       | 4 5 |  5.7

Action                     |  1- 3 |  4- 6 |  7- 9 || total
---------------------------+-------+-------+-------++-------
  Melee: War axe           |    91 |   246 |   391 ||   728
  Throw: Throwing net      |       |     1 |     1 ||     2
    Use: Potion            |       |     7 |    10 ||    17
         Scroll            |       |       |     5 ||     5
 Armour: Scale mail        |    86 |   247 |   118 ||   451
         Ring mail         |       |       |   182 ||   182
         Skin              |       |       |     6 ||     6
  Dodge: Dodged            |    47 |    95 |   239 ||   381
  Block: Buckler           |    25 |       |       ||    25
         Kite shield       |       |   202 |   327 ||   529
         Reflection        |       |       |     2 ||     2

Table legend: (Time is in decaauts)
 A = Elapsed time spent in this place.
 B = Non-inter-level travel time spent in this place.
 C = Inter-level travel time spent in this place.
 D = Time resting spent in this place.
 E = Time spent auto-exploring this place.
 F = Levels seen in this place.
 G = Mean time per level.
                   A        B        C        D        E       F      G
               +--------+--------+--------+--------+--------+-----+--------+
         Total |   7203 |   6720 |    483 |    513 |   4389 |   7 | 1029.0 |
       Dungeon |   7203 |   6720 |    483 |    513 |   4389 |   7 | 1029.0 |
               +--------+--------+--------+--------+--------+-----+--------+

Top non-repeatable levels by time:
     D:5: 1666 daAuts
     D:4: 1225 daAuts
     D:6: 1170 daAuts
     D:3: 1124 daAuts
     D:1: 1099 daAuts
     D:2: 563 daAuts
     D:7: 353 daAuts
